cohdb
Replays
Latest Replays
All Replays
Popular Replays
Top Player Replays
Match Explorer
How It Works
Community
CoH3 Stats
Reddit
Sign in to upload your games and track your stats! →
Sign in with Steam
Match 42515302
Unlisted
Match 42515302
Overview
Messages
Build Orders
End
Panzergrenadier Squad
Construct Light Support Kompanie
MG34 Team
MG34 Team
2.5-tonne Medical Truck
MG34 Team
Selects Armored Support Battlegroup
Selects Salvage Kits
Fire Support Elements
Panzerpioneer Squad
le.IG 18 Mechanized Group
Combat Half-tracks
Construct Panzerarmee Kommand
Vehicle Survival Package
Selects Panzer Storm
Walking Stuka Rocket Launcher
le.IG 18 Support Gun Team
Panzer III L Medium Tank
2.5-tonne Medical Truck
Panzer III L Medium Tank
Panzer III L Medium Tank
Selects Stuka Dive Bomb
Stuka Dive Bomb
Panzerpioneer Squad
Walking Stuka Rocket Launcher
Kianschki
jackson-fm
Grand.G
Stupor Mundi
PMA
!enjo7
0
0
Comments
sign in to comment!
No comments posted yet!